 Dungeon Crawl Stone Soup version bcrawl-1.23 (webtiles) character file.

Game seed: 15305394653233434628

418 Morbidden the Gusty (level 6, -6/48 HPs)
             Began as a Draconian Air Elementalist on May 30, 2020.
             Mangled by Delver's ghost (11 damage)
             ... on level 3 of the Dungeon.
             The game lasted 00:12:00 (6017 turns).

Morbidden the Gusty (Draconian Air Elementalist)    Turns: 6017, Time: 00:12:01

Health: -6/48      AC:  6    Str: 11    XL:     6   Next: 61%
Magic:  12/12      EV: 12    Int: 17    God:
Gold:   279        SH:  0    Dex: 11    Spells: 7/13 levels left

rFire    . . .     SeeInvis .   f - +2 short sword (holy)
rCold    . . .     Gourm    .   (no shield)
rNeg     . . .     Faith    .   (armour unavailable)
rPois    .         Spirit   .   (helmet restricted)
rElec    .         Reflect  .   u - scarf {clouds}
rCorr    .         Harm     .   (no gloves)
MR       .....                  (no boots)
Stlth    ++........             (no amulet)
HPRegen  0.16/turn              (no ring)
MPRegen  0.13/turn              (no ring)

@: no status effects
A: unfitting armour, cold-blooded, AC +6
a: Evoke Fog


You were on level 3 of the Dungeon.
You were not hungry.

You visited 1 branch of the dungeon, and saw 3 of its levels.
You also visited: Sewer.

You collected 279 gold pieces.

Inventory:

Hand Weapons
 f - a +2 short sword of holy wrath (weapon)
Missiles
 n - 120 javelins (quivered)
Armour
 u - a scarf of clouds (worn)
Jewellery
 s - an uncursed ring of protection from fire {unknown}
Wands
 h - a wand of iceblast (9)
Scrolls
 a - a scroll of fog
 c - 3 scrolls of magic mapping
 d - a scroll of teleportation
 g - a scroll of identify {unknown}
 i - a scroll of immolation {unknown}
 l - a scroll of remove curse {unknown}
 o - a scroll of blinking
Potions
 b - 4 potions of flight
 j - 2 potions of mutation {unknown}
 k - 2 potions of might {unknown}
 m - 2 potions of brilliance
 r - a potion of magic {unknown}
 t - 2 potions of lignification {unknown}
Comestibles
 e - 3 rations {!d}


   Skills:
 * Level 2.2 Fighting
 + Level 2.1 Dodging
 + Level 2.2 Stealth
 + Level 1.1 Unarmed Combat
 * Level 4.1 Spellcasting
 + Level 2.5 Conjurations
 * Level 4.8 Air Magic


You had 7 spell levels left.
You knew the following spells:

 Your Spells              Type           Power        Failure   Level  Hunger
a - Shock                 Conj/Air       ###..        3%          1    None
b - Static Discharge      Air            ###.....     6%          3    ###....
c - Swiftness             Chrm/Air       ##......     9%          2    ##.....

Your spell library contained the following spells:

 Spells                   Type           Power        Failure   Level  Hunger
 Airstrike                Air            ###.......   22%         4    ####...
 Lightning Bolt           Conj/Air       ###.......   67%         5    ######.


Dungeon Overview and Level Annotations

Branches:
Dungeon (3/12)

Altars:
Nemelex Xobeh

Annotations:
D:3 Delver's ghost, amateur HuAM


Innate Abilities, Weirdness & Mutations

Your plain brown scales are hard. (AC +6)
You cannot fit into any form of body armour.
You are cold-blooded and may be slowed by cold attacks.


Message History

The zap misses Delver's ghost.
Delver's ghost barely misses you.
Casting: Shock (safe; 3% risk of failure)
Confirm with . or Enter, or press ? or * to list all spells.
Aiming: Shock (safe; 3% risk of failure)
Press: ? - help, Shift-Dir - straight line The zap hits Delver's ghost.
Delver's ghost is severely damaged.
The zap misses Delver's ghost.
Delver's ghost hits you.
* * * LOW HITPOINT WARNING * * *
Okay, then.
Unknown command.
Unknown command.
Unknown command.
Okay, then.
Delver's ghost hits you!
* * * LOW HITPOINT WARNING * * *
Delver's ghost wails.
There is a stone staircase leading up here.
Delver's ghost hits you!
You die...

#.##§§#WP###.###.# #.##.....##.
#.##§§'!8# #.# #.####.###...###.
#.###.#.P# #.###.#........#.# #.
#.##########............#...# #.
#.#...........####.####.##### #.
#.#.##........# #.# #.# #.
#.#.##.####...# #.####.#######.
#.#.##.# #..#####............#.
#.#.##.# #...W@.........####.#.
#.#.##.# #.........###..####.#.
#.#.##.#####.##.........)...#...
#............##.###.##..###.....
####.#.#####.##.# #.##..........
#####.#.# #.##.# #.##.##.....#.
......#.# ###.##.#
#.##...#)...#.
.####.#.###......#
#.##....#..#.. .#
#.#..........###.##....###...


You could see Delver's ghost.

Vanquished Creatures
  A bullfrog (D:3)
  An orc priest (D:3)
  Jessica (D:2)
  An orc wizard (D:3)
  3 gnolls (D:3)
  13 adders
  An ooze (D:3)
  A worm (D:3)
  A dart slug (D:3)
  4 leopard geckos
  9 orcs
  2 giant cockroaches
  5 goblins
  5 hobgoblins
  17 jackals
  A quokka (D:2)
  6 ball pythons
  9 bats
  5 frilled lizards
  13 kobolds
  7 rats
  3 plants (Sewer)
109 creatures vanquished.

Vanquished Creatures (others)
  2 plants (Sewer)
2 creatures vanquished.

Grand Total: 111 creatures vanquished

Notes
Turn   | Place    | Note
-------+----------+-------------------------------------------
     0 | D:1      | Morbidden the Draconian Air Elementalist began the quest
                  | for the Orb.
     0 | D:1      | Reached XP level 1. HP: 14/14 MP: 3/3
   518 | D:1      | Reached XP level 2. HP: 20/20 MP: 3/5
  1056 | D:2      | Found a sparkling altar of Nemelex Xobeh.
  1092 | D:2      | Reached XP level 3. HP: 14/26 MP: 1/6
  1356 | D:2      | Noticed Jessica
  1393 | D:2      | Killed Jessica
  1706 | D:2      | Reached XP level 4. HP: 28/34 MP: 1/7
  1967 | D:2      | Learned a level 3 spell: Static Discharge
  2003 | D:2      | Reached skill level 1 in Fighting
  2356 | D:3      | Found a glowing drain.
  2418 | Sewer    | Entered a sewer
  2726 | Sewer    | Reached XP level 5. HP: 22/40 MP: 1/9
  3911 | Sewer    | Paralysed by fainting for 10 turns
  4326 | D:3      | Reached skill level 1 in Unarmed Combat
  4529 | D:3      | Reached XP level 6. HP: 9/48 MP: 2/11
  5434 | D:3      | Learned a level 2 spell: Swiftness
  5831 | D:3      | Found a runed translucent door.
  5831 | D:3      | Noticed Delver's ghost (amateur HuAM)
  5992 | D:3      | HP: 1/48 [Delver's ghost (7)]
  6017 | D:3      | Mangled by Delver's ghost

Skill      XL: |  1  2  3  4  5  6 |
---------------+-------------------+-----
Dodging        | 2 |  2.1
Fighting       | 1 2 |  2.2
Spellcasting   | 3 4 |  4.1
Conjurations   | 2 |  2.5
Air Magic      | 4 |  4.8
Unarmed Combat | 1 |  1.1
Stealth        | |  2.2

Action                   |  1- 3 |  4- 6 || total
-------------------------+-------+-------++-------
Melee: Unarmed           |    38 |   662 ||   700
       Tailslap          |     2 |   130 ||   132
       Short sword       |       |    42 ||    42
Throw: Javelin           |       |     3 ||     3
 Cast: Shock             |    61 |   147 ||   208
       Static Discharge  |       |    15 ||    15
  Use: Potion            |       |     3 ||     3
       Scroll            |       |     4 ||     4
  Eat: Chunk             |     3 |    14 ||    17
       Ration            |       |     1 ||     1
Armor: Skin              |    20 |    40 ||    60
Dodge: Dodged            |    40 |    93 ||   133
